 Dungeon Sprint DCSS version 0.30-a0-134-gb40fab5c76 (webtiles) character file.

Game seed: 17921130112616086385

15282 iguanaiguana the Ninja (level 12, 0/133 HPs)
             Began as a Naga Brigand on Sept 20, 2022.
             Was the Champion of Trog.
             Killed from afar by a fire giant (19 damage)
             ... with a bolt of fire
             ... in the Dungeon (Sprint I: "Red Sonja").
             The game lasted 00:20:41 (3166 turns).

iguanaiguana the Ninja (Naga Brigand)               Turns: 3166, Time: 00:20:42

Health: 0/133      AC: 15    Str: 15    XL:     12   Next: 25%
Magic:  12/12      EV: 14    Int: 12    God:    Trog [******]
Gold:   365        SH:  0    Dex: 23    Spells: 11/11 levels left

rFire   . . .      SeeInvis +    b - +8 dagger "Miul" {spect, rElec rF- Dex+4}
rCold   . . .      Faith    .    (no shield)
rNeg    . . .      Spirit   .    g - +2 robe {rC+}
rPois   +          Reflect  .    (no helmet)
rElec   +          Harm     .    c - +0 cloak
rCorr   .          Rampage  .    t - +0 pair of fencer's gloves {Riposte Dex+3}
Will    ++...      NoTele   +    y - +0 barding
Stlth   ++++++++++               (no amulet)
HPRegen 0.32/turn                E - ring of fire
MPRegen 0.13/turn                G - ring of willpower

@: studying 2 skills, very slow
A: AC +4, large, see invisible, deformed body, poison resistance, slowness 2,
spit poison 1, naga tail 1
a: Spit Poison, Renounce Religion, Berserk, Trog's Hand, Brothers in Arms


You were in the Dungeon.
You worshipped Trog.
Trog was exalted by your worship.
You visited 1 branch You collected 3255 gold pieces.
You spent 2890 gold pieces at shops.

Inventory:

Hand Weapons
 a - a +6 vorpal rapier
 b - the +8 dagger "Miul" (weapon) {spect, rElec rF- Dex+4}
   (You found it in the Dungeon)

   When its wielder attacks, the weapon's spirit leaps out and strikes again.
   The spirit shares a part of any damage it takes with its wielder.
   Dex:       It affects your dexterity (+4).
   rF:        It makes you vulnerable to fire.
   rElec:     It insulates you from electricity.
 m - a +0 dagger of draining
 u - a +2 dagger
 z - a +3 antimagic quick blade
Missiles
 d - 9 poisoned darts (quivered)
 n - 5 curare-tipped darts
Armour
 c - a +0 cloak (worn)
 e - a +0 troll leather armour
 g - a +2 robe of cold resistance (worn)
 t - the +0 pair of fencer's gloves (worn) {Riposte Dex+3}
   (You bought it in a shop in the Dungeon)

   It allows the wearer to riposte with melee weapons, swiftly retaliating
   against missed or blocked melee attacks.
   Dex:       It affects your dexterity (+3).
 y - a +0 barding (worn)
Jewellery
 E - a ring of fire (left hand)
 G - a ring of willpower (right hand)
Wands
 j - a wand of polymorph (3)
 l - a wand of flame (17)
 x - a wand of iceblast (4) {@v2}
Scrolls
 k - 6 scrolls of blinking {@r4}
 o - a scroll of immolation
 p - a scroll of summoning
 r - 3 scrolls of vulnerability
 s - a scroll of fear {unknown}
 v - a scroll of fog {unknown}
 B - a scroll of enchant armour
 C - a scroll of enchant weapon
Potions
 f - 6 potions of curing {@q1}
 h - 2 potions of haste {@q4}
 i - 2 potions of magic
 q - a potion of degeneration {unknown}
 w - a potion of cancellation {unknown}
 A - 2 potions of flight
 D - 2 potions of mutation
 F - a potion of heal wounds {@q2}


   Skills:
 - Level 16.2 Fighting
 - Level 14.0 Short Blades
 - Level 6.0 Throwing
 - Level 6.0 Armour
 + Level 8.1 Dodging
 O Level 27 Stealth
 + Level 6.3 Evocations


You had 11 spell levels left.
You didn't know any spells.
Your spell library was empty.

Dungeon Overview and Level Annotations

Branches:
Dungeon (1/1) Zot: 27000

Altars:
Cheibriados
Dithmenos
Elyvilon
Fedhas
Gozag
Hepliaklqana
Kikubaaqudgha
Makhleb
Nemelex Xobeh
Okawaru
Qazlal
Ru
Sif Muna
Trog
Uskayaw
Vehumet
Wu Jian
Xom
Yredelemnul
Zin
The Shining One
Jiyva
Lugonu

Shops:
D (?(*==(?!*[[([*::[:[:


Innate Abilities, Weirdness & Mutations

Your serpentine skin is tough. (AC +4)
You have supernaturally acute eyesight. (SInv)
Armour fits poorly on your strangely shaped body.
Your system is resistant to poisons. (rPois)
You cover ground very slowly.
You can spit poison.
You have a snake-like lower body.


Message History

The daeva calls down the wrath of the Shining One upon you.
The Shining One smites you!
You see here 2 poisoned darts.
You see here 27 gold pieces.
The daeva calls down the wrath of the Shining One upon you.
The Shining One smites you!
The daeva calls down the wrath of the Shining One upon you.
The Shining One smites you!
The daeva calls down the wrath of the Shining One upon you.
The Shining One smites you!
You close the door.
You start resting.
HP restored.
G - a ring of willpower (right hand)
A fire giant comes into view.
It is wielding a +1 great sword of flaming.
A fire giant comes into view.
It is wielding a +2 great sword of flaming.
Okay, then.
Okay, then.
A fire giant comes into view.
It is wielding a +2 great sword of flaming.
A fire giant comes into view.
It is wielding a +0 great sword of flaming.
Found five items.
The fire giant shouts! x3
The fire giant attacks as you move away!
The fire giant hits you with a +1 great sword of flaming!
The fire giant burns you. The fire giant casts a spell at you.
The bolt of fire hits you!!! The fire giant casts a spell at you.
The bolt of fire hits the fire giant.
The fire giant resists.
The bolt of fire hits you!!!
* * * LOW HITPOINT WARNING * * *
The fire giant attacks as you move away!
The fire giant hits you with a +1 great sword of flaming!
* * * LOW HITPOINT WARNING * * *
The fire giant burns you!
* * * LOW HITPOINT WARNING * * *
The fire giant gestures at you while chanting.
The bolt of fire hits the fire giant.
The fire giant resists.
The bolt of fire hits you!!
You die...

##.'.#.°°###''##.##...#
.###.#○°###..###..#+###
.∩##.#°○####..###...#
####§##'#°°#..#.###.#
..##.##.#°°°......#.#
..§'§####°........#.#
####.#..'..°...####'#
§.§#§#####...###....#
..#'.#?[!#####C.@####
.§####)..CC....### ~~#
(...C##### ~## ... ## .
### ∩∩# ∩## ##


You could see 4 fire giants.

Vanquished Creatures
  A lorocyproca (D)
  A hydra (D)
  2 centaur warriors (D)
  Sonja (D)
  A deep troll (D)
  A lindwurm (D)
  An oklob plant (D)
  7 unseen horrors (D)
  A gargoyle (D)
  4 demonic crawlers (D)
  2 kobold demonologists (D)
  A slime creature (D)
  A hornet (D)
  Sigmund (D)
  A yak (D)
  13 hogs (D)
  2 redbacks (D)
  3 floating eyes (D)
  An ogre (D)
  7 necrophages (D)
  8 jellies (D)
  Ijyb (D)
  A ballistomycete spore (D)
62 creatures vanquished.

Vanquished Creatures (collateral kills)
  8 shining eyes (D)
  4 floating eyes (D)
12 creatures vanquished.

Vanquished Creatures (others)
  A ballistomycete spore (D)
1 creature vanquished.

Grand Total: 75 creatures vanquished

Notes
Turn   | Place    | Note
-------+----------+-------------------------------------------
     0 | D        | iguanaiguana the Naga Brigand began the quest for the Orb.
     0 | D        | Reached XP level 1. HP: 19/19 MP: 1/1
     2 | D        | Noticed Ijyb
     7 | D        | Killed Ijyb
     8 | D        | Reached skill level 10 in Stealth
     8 | D        | Reached XP level 2. HP: 15/26 MP: 2/2
     8 | D        | Reached XP level 3. HP: 19/32 MP: 3/3
   135 | D        | Noticed an ogre
   138 | D        | Killed an ogre
   139 | D        | Reached skill level 15 in Stealth
   139 | D        | Reached XP level 4. HP: 39/39 MP: 4/4
   148 | D        | Noticed Sigmund
   151 | D        | Killed Sigmund
   152 | D        | Reached skill level 16 in Stealth
   152 | D        | Reached XP level 5. HP: 45/45 MP: 5/5
   152 | D        | Reached XP level 6. HP: 52/52 MP: 6/6
   163 | D        | Found a shimmering blue altar of Sif Muna.
   164 | D        | Found an ornate altar of the Wu Jian Council.
   165 | D        | Found a radiant altar of Vehumet.
   282 | D        | Found Igoampau's General Store.
   282 | D        | Found an ancient bone altar of Kikubaaqudgha.
   282 | D        | Found a hazy altar of Hepliaklqana.
   282 | D        | Found a stormy altar of Qazlal.
   282 | D        | Found a hide-covered altar of Uskayaw.
   282 | D        | Found a blossoming altar of Fedhas.
   282 | D        | Found a bloodstained altar of Trog.
   282 | D        | Found an iron altar of Okawaru.
   282 | D        | Found a basalt altar of Yredelemnul.
   282 | D        | Found a glowing golden altar of the Shining One.
   282 | D        | Found a snail-covered altar of Cheibriados.
   282 | D        | Found a sacrificial altar of Ru.
   282 | D        | Found a glowing silver altar of Zin.
   282 | D        | Found a shadowy altar of Dithmenos.
   282 | D        | Found a white marble altar of Elyvilon.
   282 | D        | Noticed a yak
   283 | D        | Found an opulent altar of Gozag.
   284 | D        | Killed a yak
   285 | D        | Reached skill level 17 in Stealth
   285 | D        | Reached XP level 7. HP: 60/60 MP: 7/7
   285 | D        | Found a sparkling altar of Nemelex Xobeh.
   289 | D        | Became a worshipper of Trog the Wrathful
   321 | D        | Noticed Sonja
   325 | D        | Killed Sonja
   326 | D        | Reached skill level 10 in Short Blades
   326 | D        | Reached skill level 22 in Stealth
   326 | D        | Reached XP level 8. HP: 67/67 MP: 8/8
   343 | D        | Found Kodiorom's Weapon Boutique.
   363 | D        | Noticed a deep troll
   392 | D        | Killed a deep troll
   392 | D        | Reached * piety under Trog
   509 | D        | Found Oblis's Armour Emporium.
   513 | D        | Identified the +8 dagger "Miul" {spect, rElec rF- Dex+4}
   604 | D        | Bought the +0 pair of fencer's gloves {Riposte Dex+3} for
                  | 560 gold pieces
   604 | D        | Found the +0 pair of fencer's gloves {Riposte Dex+3}
   627 | D        | Found a viscous altar of Jiyva.
   627 | D        | Found a corrupted altar of Lugonu.
   627 | D        | Noticed a slime creature
   628 | D        | Found a burning altar of Makhleb.
   628 | D        | Found a shimmering altar of Xom.
   630 | D        | Killed a slime creature
   631 | D        | Reached XP level 9. HP: 85/85 MP: 9/9
   643 | D        | Noticed a kobold demonologist
   643 | D        | Noticed a kobold demonologist
   651 | D        | Killed a kobold demonologist
   651 | D        | Reached ** piety under Trog
   659 | D        | Noticed a sixfirhy
   661 | D        | Killed a kobold demonologist
   662 | D        | Reached skill level 10 in Fighting
   662 | D        | Reached skill level 1 in Armour
   662 | D        | Reached skill level 1 in Dodging
   691 | D        | Noticed a demonic crawler
   691 | D        | Noticed a demonic crawler
   691 | D        | Noticed a demonic crawler
   691 | D        | Noticed a demonic crawler
   697 | D        | Killed a demonic crawler
   697 | D        | Reached *** piety under Trog
   698 | D        | Killed a demonic crawler
   706 | D        | Noticed a gargoyle
   707 | D        | Killed a demonic crawler
   715 | D        | Killed a demonic crawler
   716 | D        | Reached skill level 5 in Armour
   716 | D        | Reached skill level 5 in Dodging
   716 | D        | Reached XP level 10. HP: 102/102 MP: 10/10
   719 | D        | Killed a gargoyle
   719 | D        | Reached **** piety under Trog
   815 | D        | Noticed a lindwurm
   818 | D        | Killed a lindwurm
   819 | D        | Reached skill level 23 in Stealth
   861 | D        | Reached ***** piety under Trog
   862 | D        | Reached skill level 24 in Stealth
   900 | D        | Reached skill level 25 in Stealth
   901 | D        | Received a gift from Trog
   922 | D        | Reached skill level 26 in Stealth
   953 | D        | Noticed a daeva
   962 | D        | Noticed a 12-headed hydra
   964 | D        | Killed a 12-headed hydra
   965 | D        | Reached skill level 27 in Stealth
   966 | D        | Received a gift from Trog
   967 | D        | Reached XP level 11. HP: 108/108 MP: 11/11
  1126 | D        | Noticed a centaur warrior
  1126 | D        | Noticed a centaur warrior
  1129 | D        | Killed a centaur warrior
  1131 | D        | Killed a centaur warrior
  1154 | D        | Noticed an oklob plant
  1156 | D        | Killed an oklob plant
  1167 | D        | Identified the +10 short sword "Soquuw" {flame, Will+
                  | Str+4} (Trog gifted it to you in the Dungeon)
  1167 | D        | Received a gift from Trog
  1189 | D        | Reached ****** piety under Trog
  1232 | D        | Received a gift from Trog
  1283 | D        | Found Tumeunlull's Magic Scroll Shoppe.
  1283 | D        | Found Pipeok's Antique Weapon Shop.
  1283 | D        | Found Dosottuz's Distillery.
  1285 | D        | Found Ugeumogi's General Store.
  1285 | D        | Found Apsubaud's Armour Shop.
  1285 | D        | Found Ilel's Armour Shoppe.
  1285 | D        | Found Innuar's Weapon Boutique.
  1285 | D        | Found Ceap's Antique Armour Emporium.
  1285 | D        | Found Keytooma's Assorted Antiques.
  1285 | D        | Found Oplyabab's Book Shoppe.
  1286 | D        | Bought a scroll of acquirement for 728 gold pieces
  1286 | D        | Acquired a manual of Evocations
  1289 | D        | Found Ukhah's Book Boutique.
  1290 | D        | Found Niorosma's Book Emporium.
  1290 | D        | Found Kaclof's Antique Armour Boutique.
  1291 | D        | Found Yrgheo's Book Emporium.
  1292 | D        | Bought a +0 barding for 253 gold pieces
  1300 | D        | Bought a scroll labelled MAPUID JIAPUO for 25 gold pieces
  1300 | D        | Bought a scroll labelled MAPUID JIAPUO for 25 gold pieces
  1356 | D        | Noticed a shining eye
  1356 | D        | Noticed a shining eye
  1356 | D        | Noticed a shining eye
  1360 | D        | Paralysed by a floating eye for 3 turns
  1360 | D        | Received a gift from Trog
  1361 | D        | Noticed a shining eye
  1366 | D        | Killed a shining eye
  1367 | D        | Noticed a shining eye
  1367 | D        | Killed a shining eye
  1368 | D        | Killed a shining eye
  1370 | D        | Killed a shining eye
  1375 | D        | Noticed a shining eye
  1376 | D        | Noticed a shining eye
  1377 | D        | Killed a shining eye
  1378 | D        | Noticed a shining eye
  1379 | D        | Killed a shining eye
  1382 | D        | Killed a shining eye
  1383 | D        | Reached skill level 15 in Fighting
  1385 | D        | Killed a shining eye
  1385 | D        | Received a gift from Trog
  1386 | D        | Reached XP level 12. HP: 132/132 MP: 12/12
  1395 | D        | Found Camoyt's Jewellery Shop.
  1395 | D        | Found Haqekin's Magic Scroll Shoppe.
  1395 | D        | Found Isoivij's Jewellery Boutique.
  1395 | D        | Found Wiezuv's Weapon Emporium.
  1410 | D        | Bought a scroll of identify for 22 gold pieces
  1410 | D        | Bought a scroll of blinking for 82 gold pieces
  1451 | D        | Noticed a lorocyproca
  1476 | D        | Killed a lorocyproca
  1599 | D        | HP: 2/133 [meliai/divine providence (11)]
  1747 | D        | Bought a +2 robe of cold resistance for 194 gold pieces
  1877 | D        | Acquired a manual of Dodging
  1970 | D        | Bought a scroll of enchant armour for 90 gold pieces
  1970 | D        | Bought a scroll of identify for 24 gold pieces
  1970 | D        | Bought a scroll of blinking for 90 gold pieces
  2009 | D        | Bought a scroll of enchant weapon for 90 gold pieces
  2009 | D        | Bought a scroll of identify for 24 gold pieces
  2120 | D        | Bought a ring of fire for 275 gold pieces
  2319 | D        | Bought a potion of mutation for 96 gold pieces
  2319 | D        | Bought a potion of mutation for 96 gold pieces
  2319 | D        | Bought a potion of haste for 120 gold pieces
  2319 | D        | Bought a potion of flight for 36 gold pieces
  2319 | D        | Bought a potion of heal wounds for 60 gold pieces
  2400 | D        | Reached skill level 5 in Evocations
  3158 | D        | Noticed a fire giant
  3161 | D        | Noticed a fire giant
  3162 | D        | Noticed a fire giant
  3163 | D        | Noticed a fire giant
  3166 | D        | Killed from afar by a fire giant

Illustrated notes

Levels and vault maps discovered:
D:        dungeon_sprint_1 [red_sonja_temple_1, red_sonja_temple_small_1]

Skill      XL: |  1  2  3  4  5  6  7  8  9 10 11 12 |
---------------+-------------------------------------+-----
Stealth        | 10 15 16 17 22 27 | 27.0
Short Blades   | 7 9 10 14 | 14.0
Throwing       | 6 |  6.0
Fighting       | 6 10 15 16 | 16.2
Armour         | 5 6 |  6.0
Dodging        | 5 6 8 |  8.1
Evocations     | 6 |  6.3

Action                   |  1- 3 |  4- 6 |  7- 9 | 10-12 || total
-------------------------+-------+-------+-------+-------++-------
Melee: Dagger            |     4 |     7 |    30 |    98 ||   139
       Punch             |       |     1 |     1 |     1 ||     3
       Rapier            |       |       |       |     7 ||     7
       Quick blade       |       |       |       |    23 ||    23
Throw: Dart              |       |       |     5 |       ||     5
Invok: Berserk           |       |       |     2 |     2 ||     4
       Brothers in Arms  |       |       |       |     2 ||     2
Evoke: Wand              |       |       |     1 |       ||     1
  Use: Potion            |       |     1 |       |     1 ||     2
       Scroll            |       |       |       |     5 ||     5
 Stab: Sleeping          |     2 |     2 |     5 |    22 ||    31
       Distracted        |       |       |       |     2 ||     2
Armor: Robe              |       |     1 |     1 |     5 ||     7
       Troll leather arm |       |       |     7 |    31 ||    38
Dodge: Dodged            |       |     1 |    11 |    43 ||    55
       Rpst.: Dagger     |       |       |     2 |     8 ||    10
       Rapier            |       |       |       |     2 ||     2
       Quick blade       |       |       |       |     2 ||     2

Table legend: (Time is in decaauts)
 A = Elapsed time spent in this place.
 B = Non-inter-level travel time spent in this place.
 C = Inter-level travel time spent in this place.
 D = Time resting spent in this place.
 E = Time spent auto-exploring this place.
 F = Levels seen in this place.
 G = Mean time per level.
                   A        B        C        D        E       F      G
               +--------+--------+--------+--------+--------+-----+--------+
         Total |   3671 |   3034 |    637 |   1339 |    252 |   1 | 3671.0 |
       Dungeon |   3671 |   3034 |    637 |   1339 |    252 |   1 | 3671.0 |
               +--------+--------+--------+--------+--------+-----+--------+

Top non-repeatable levels by time:
       D: 3671 daAuts
